 Dungeon Crawl Stone Soup version 0.24.0 (webtiles) character file.

Game seed: 7953710960668281451, levelgen mode: deterministic

143 Buxparty the Ducker (level 5, 0/41 HPs)
             Began as a Mummy Gladiator on Jan 27, 2020.
             Slain by an orc
             ... wielding a +0 trident
              (2 damage)
             ... on level 3 of the Dungeon.
             The game lasted 00:04:47 (2477 turns).

Buxparty the Ducker (Mummy Gladiator)               Turns: 2477, Time: 00:04:48

Health: 0/41       AC: 10    Str: 19    XL:     5   Next: 4%
Magic:  5/5        EV:  8    Int:  7    God:
Gold:   105        SH:  0    Dex: 13    Spells: 4/4 levels left

rFire    x . .     SeeInvis .   a - +0 trident
rCold    + + .     Gourm    .   (no shield)
rNeg     + + +     Faith    .   q - +0 chain mail
rPois    ∞         Spirit   .   c - +0 helmet
rElec    .         Reflect  .   (no cloak)
rCorr    .         Harm     .   (no gloves)
MR       .....                  g - +0 pair of boots
Stlth    ..........             (no amulet)
HPRegen  0.13/turn              k - ring of protection from cold
MPRegen  0.09/turn              o - ring of flight

@: heavily drained
A: no food or potions, fire vulnerability, cold resistance 1, negative energy
resistance 3, torment resistance, unbreathing
a: Evoke Flight


You were on level 3 of the Dungeon.
You were not hungry.

You visited 1 branch of the dungeon, and saw 3 of its levels.

You collected 105 gold pieces.

Inventory:

Hand Weapons
 a - a +0 trident (weapon)
Missiles
 d - 3 throwing nets (quivered)
Armour
 b - a +0 leather armour
 c - a +0 helmet (worn)
 g - a +0 pair of boots (worn)
 m - a +0 shield
 q - a +0 chain mail (worn)
Jewellery
 k - a ring of protection from cold (left hand)
 o - a ring of flight (right hand)
Scrolls
 e - a scroll of noise {unknown}
 h - 3 scrolls of amnesia
 i - a scroll of teleportation
 j - a scroll of remove curse
 l - 2 scrolls of magic mapping {unknown}
 n - 3 scrolls of enchant weapon {unknown}
 p - 3 scrolls of identify {unknown}


   Skills:
 + Level 3.2(1.8) Fighting
 + Level 3.2(1.9) Polearms
 - Level 1.5(0.2) Throwing
 + Level 0.9(0.0) Armour
 + Level 3.3(1.9) Dodging


You had 4 spell levels left.
You didn't know any spells.
Your spell library was empty.

Dungeon Overview and Level Annotations

Branches:
Dungeon (3/15)

Altars:


Innate Abilities, Weirdness & Mutations

You do not eat or drink.
Your flesh is vulnerable to fire.
You are immune to poison.
Your flesh is cold resistant. (rC+)
You are immune to negative energy. (rN+++)
You are immune to unholy pain and torment.
You can survive without breathing.


Message History

The orc wizard misses you.
Your chain mail prevents you from hitting the orc priest.
The orc priest is almost dead.
The orc priest barely misses you. The orc hits you but does no damage.
The orc wizard hits you but does no damage.
You puncture the orc priest!
You kill the orc priest!
You have reached level 5!
You feel stronger.
The orc wizard gestures at you while chanting.
The magic dart hits you but does no damage.
The orc closely misses you.
You hit the orc wizard but do no damage.
The orc wizard barely misses you. The orc hits you but does no damage.
You barely miss the orc wizard.
The orc wizard hits you but does no damage.
The orc hits you but does no damage.
You barely miss the orc wizard. The orc wizard barely misses you.
The orc hits you from afar with a +0 trident.
You die...

#....#
#....#
###....#
#......#
#......#
#.....##
#.....#
#.....#
#.@...#
#)o...#
#.o...#
#.....#
#.....#
#.....#
#.....#
######
#######
#.....
#.%...


You could see an orc wizard and an orc.

Vanquished Creatures
  An orc priest (D:3)
  An orc wizard (D:3)
  3 adders
  An ooze (D:1)
  A dart slug (D:2)
  A leopard gecko (D:2)
  6 orcs (D:3)
  A bat (D:3)
  3 giant cockroaches
  3 goblins
  4 hobgoblins
  2 jackals (D:1)
  4 kobolds
  A quokka (D:3)
  9 frilled lizards
  5 rats
46 creatures vanquished.

Vanquished Creatures (others)
  4 toadstools (D:1)
4 creatures vanquished.

Grand Total: 50 creatures vanquished

Notes
Turn   | Place    | Note
-------+----------+-------------------------------------------
     0 | D:1      | Buxparty the Mummy Gladiator began the quest for the Orb.
     0 | D:1      | Reached XP level 1. HP: 16/16 MP: 1/1
   259 | D:1      | Reached XP level 2. HP: 22/22 MP: 2/2
  1400 | D:2      | Reached XP level 3. HP: 20/28 MP: 3/3
  1883 | D:2      | You fall into a shaft and drop 1 floor!
  2119 | D:3      | Reached XP level 4. HP: 34/34 MP: 4/4
  2472 | D:3      | HP: 1/35 [orc/+0 trident (7)]
  2474 | D:3      | Reached XP level 5. HP: 1/41 MP: 5/5
  2477 | D:3      | Slain by an orc

Levels and vault maps discovered:
D:1:      ldierk_water_garden, layout_basic
D:2:      layout_basic, minmay_hexomino_u4
D:3:      layout_basic, first_ration
